 Dungeon Crawl Stone Soup version 0.23.0 (webtiles) character file.

Game seed: 7654613025145459102

1324 sergedm the Thaumaturge (level 8, -4/42 HPs)
             Began as a Deep Elf Conjurer on Feb 9, 2019.
             Was an Initiate of Vehumet.
             Killed from afar by a deep elf mage (29 damage)
             ... with a bolt of magma
             ... on level 6 of the Dungeon.
             The game lasted 00:09:38 (6549 turns).

sergedm the Thaumaturge (Deep Elf Conjurer)         Turns: 6549, Time: 00:09:39

Health: -4/42      AC:  7    Str:  5    XL:     8   Next: 33%
Magic:  16/24      EV: 13    Int: 25    God:    Vehumet [......]
Gold:   345        SH:  0    Dex: 15    Spells: 9/27 levels left

rFire    . . .     SeeInvis .   g - +1 short sword (venom)
rCold    . . .     Gourm    .   (no shield)
rNeg     . . .     Faith    .   a - +0 robe
rPois    .         Spirit   .   w - +2 helmet
rElec    .         Reflect  .   (no cloak)
rCorr    .         Harm     .   e - +0 pair of gloves
MR       .....                  o - +0 pair of boots
Stlth    +++.......             (no amulet)
HPRegen  0.14/turn              q - +2 ring of intelligence
MPRegen  0.19/turn              (no ring)

@: no status effects
A: no striking features
a: Renounce Religion


You were on level 6 of the Dungeon.
You worshipped Vehumet.
Vehumet was noncommittal.
You were not hungry.

You visited 2 branches of the dungeon, and saw 7 of its levels.

You collected 345 gold pieces.

Inventory:

Hand Weapons
 g - a +1 short sword of venom (weapon)
Armour
 a - a +0 robe (worn)
 e - a +0 pair of gloves (worn)
 o - a +0 pair of boots (worn)
 w - a +2 helmet (worn)
 x - a cursed +0 leather armour
Jewellery
 q - a +2 ring of intelligence (left hand)
 y - a +2 ring of strength {unknown}
Wands
 l - a wand of acid (14)
 n - a wand of iceblast (9)
Scrolls
 d - a scroll of fog {unknown}
 f - 4 scrolls of identify {unknown}
 h - a scroll of enchant armour {unknown}
 i - 2 scrolls of blinking {unknown}
 m - a scroll of magic mapping {unknown}
 p - a scroll of enchant weapon {unknown}
 s - a scroll of amnesia {unknown}
 z - a scroll of remove curse {unknown}
Potions
 b - a potion of lignification {unknown}
 j - a potion of heal wounds {unknown}
 k - 2 potions of berserk rage {unknown}
 r - a potion of cancellation {unknown}
 t - 3 potions of degeneration {unknown}
 u - a potion of agility {unknown}
 v - 2 potions of brilliance {unknown}
Comestibles
 c - 4 rations


   Skills:
 + Level 0.6 Fighting
 + Level 3.2 Dodging
 + Level 3.7 Stealth
 * Level 10.1 Spellcasting
 + Level 8.1 Conjurations
 + Level 0.3 Hexes


You had 9 spell levels left.
You knew the following spells:

 Your Spells              Type           Power        Failure   Level  Hunger
a - Magic Dart            Conj           ####         1%          1    None
b - Searing Ray           Conj           ######       1%          2    None
c - Iskenderun's Mystic   Conj           ######..     1%          4    None
d - Fulminant Prism       Conj/Hex       ####......   9%          4    None
e - Force Lance           Conj/Tloc      ####....     9%          4    None
q - Dazzling Spray        Conj/Hex       ####..       2%          3    None

Your spell library contained the following spells:

 Spells                   Type           Power        Failure   Level  Hunger


Dungeon Overview and Level Annotations

Branches:
Dungeon (6/15)             Temple (1/1) D:6

Altars:
Ashenzari
Cheibriados
Dithmenos
Elyvilon
Hepliaklqana
Kikubaaqudgha
Makhleb
Nemelex Xobeh
Okawaru
Qazlal
Ru
Sif Muna
Trog
Uskayaw
Vehumet
Wu Jian
Xom
Yredelemnul
The Shining One


Message History

Aiming: Fulminant Prism (safe; 9% risk of failure)
Press: ? - help, Dir - move target cursor You conjure a prism of explosive energy!
Your fulminant prism crackles loudly.
The deep elf mage points at you and mumbles some strange words.
The stone arrow hits you!
Your fulminant prism explodes!
The blast of energy engulfs the deep elf mage!!
The deep elf mage is heavily wounded.
Casting: Fulminant Prism (safe; 9% risk of failure)
Confirm with . or Enter, or press ? or * to list all spells.
Aiming: Iskenderun's Mystic Blast (safe; 1% risk of failure)
Press: ? - help, Shift-Dir - straight line, f - deep elf mage
Aim: a deep elf mage, wielding a +0 dagger (heavily wounded)
The orb of energy hits the deep elf mage!!
The deep elf mage is almost dead.
The deep elf mage gestures at you while chanting.
The bolt of magma hits you!!
Ouch! That really hurt!
You die...

##...# #####....#
#..##.....
############...#.....
###.........#..........
#..............#.......
#.###########..##...###
#...........#.....### #
#.....@.....#...#..# ##
#.8######'e'#......###.
#.......+⌠..#..........
#.......+...#....##..#.
#.......+...#........#.
#.8######+++#..........
#.......... #..........
#.......... #.........#
#.###########........##


You could see a deep elf mage.

Vanquished Creatures
  A hippogriff (D:6)
  An ice beast (D:6)
  A phantom (D:4)
  2 centaurs
  4 scorpions
  2 howler monkeys
  A bullfrog zombie (D:6)
  2 crimson imps
  2 jellies (D:5)
  2 hounds
  A centaur skeleton (D:5)
  2 worker ants (D:6)
  3 gnolls (D:2)
  10 adders
  A shadow imp (D:6)
  3 oozes
  2 adder zombies
  4 worms
  2 dart slugs
  A leopard gecko (D:5)
  7 orcs
  A ball python (D:1)
  4 giant cockroaches
  7 goblins
  9 hobgoblins
  3 jackals (D:2)
  7 kobolds
  3 quokkas
  A ball python skeleton (D:6)
  4 bats
  5 frilled lizards
  A jackal skeleton (D:4)
  A quokka skeleton (D:6)
  9 rats
109 creatures vanquished.

Vanquished Creatures (others)
  4 fulminant prisms (D:6)
4 creatures vanquished.

Grand Total: 113 creatures vanquished

Notes
Turn   | Place    | Note
-------+----------+-------------------------------------------
     0 | D:1      | sergedm the Deep Elf Conjurer began the quest for the Orb.
     0 | D:1      | Reached XP level 1. HP: 10/10 MP: 6/6
   242 | D:1      | Reached XP level 2. HP: 15/15 MP: 5/8
   246 | D:1      | Learned a level 2 spell: Searing Ray
   517 | D:1      | Reached skill level 5 in Conjurations
   918 | D:2      | Reached XP level 3. HP: 19/19 MP: 4/9
  1306 | D:2      | Reached skill level 4 in Spellcasting
  1306 | D:2      | Reached XP level 4. HP: 19/24 MP: 8/12
  1339 | D:2      | Learned a level 3 spell: Dazzling Spray
  1344 | D:2      | Learned a level 4 spell: Iskenderun's Mystic Blast
  2134 | D:3      | Reached XP level 5. HP: 28/28 MP: 10/14
  2286 | D:3      | Found a basalt altar of Yredelemnul.
  2451 | D:3      | Found a shattered altar of Ashenzari.
  2760 | D:3      | Reached skill level 5 in Spellcasting
  3244 | D:3      | Learned a level 4 spell: Fulminant Prism
  3390 | D:4      | Reached XP level 6. HP: 32/32 MP: 9/16
  3403 | D:4      | Reached skill level 6 in Spellcasting
  3807 | D:4      | Reached skill level 7 in Spellcasting
  3952 | D:4      | Found a white marble altar of Elyvilon.
  3957 | D:4      | Found a snail-covered altar of Cheibriados.
  3975 | D:4      | Found a bloodstained altar of Trog.
  4072 | D:4      | Found an ancient bone altar of Kikubaaqudgha.
  4072 | D:4      | Found a bloodstained altar of Trog.
  4072 | D:4      | Found a stormy altar of Qazlal.
  4074 | D:4      | Found a shimmering altar of Xom.
  4075 | D:4      | Found an iron altar of Okawaru.
  4233 | D:5      | Entered Level 5 of the Dungeon
  4261 | D:5      | Reached XP level 7. HP: 36/36 MP: 7/20
  4855 | D:5      | Found a burning altar of Makhleb.
  5045 | D:5      | Reached skill level 8 in Spellcasting
  5282 | D:5      | Learned a level 4 spell: Force Lance
  5502 | D:6      | Reached skill level 9 in Spellcasting
  5670 | D:6      | Found a staircase to the Ecumenical Temple.
  5680 | Temple   | Entered the Ecumenical Temple
  5688 | Temple   | Became a worshipper of Vehumet
  5895 | D:6      | Noticed a hippogriff
  5895 | D:6      | Reached XP level 8. HP: 42/42 MP: 17/23
  5898 | D:6      | Killed a hippogriff
  5898 | D:6      | Reached skill level 10 in Spellcasting
  6545 | D:6      | Noticed a deep elf mage
  6549 | D:6      | Killed from afar by a deep elf mage

Skill      XL: |  1  2  3  4  5  6  7  8 |
---------------+-------------------------+-----
Conjurations   | 5 6 7 8 |  8.1
Spellcasting   | 4 5 7 9 10 | 10.1
Stealth        | 3 |  3.7
Dodging        | 3 |  3.2
Fighting       | |  0.6
Hexes          | |  0.3

Action                   |  1- 3 |  4- 6 |  7- 9 || total
-------------------------+-------+-------+-------++-------
Melee: Short sword       |       |     3 |       ||     3
 Cast: Magic Dart        |    66 |    92 |    57 ||   215
       Searing Ray       |     1 |    11 |    10 ||    22
       Iskenderun's Myst |       |     5 |     9 ||    14
       Dazzling Spray    |       |     1 |       ||     1
       Fulminant Prism   |       |       |     4 ||     4
  Eat: Chunk             |     1 |     6 |     7 ||    14
       Ration            |       |     1 |       ||     1
Armor: Robe              |     1 |       |     5 ||     6
Dodge: Dodged            |     3 |    23 |     6 ||    32
